 Dungeon Crawl Stone Soup version 0.31-a0-278-g485e682e34 (webtiles) character file.

Game seed: 4962195930542595683

37 AdnanSaban the Covered (level 3, 0/24 HPs)
             Began as a Gargoyle Fighter on July 15, 2023.
             Slain by a goblin
             ... wielding a +0 dagger
             ... led by Robin
              (3 damage)
             ... on level 2 of the Dungeon.
             The game lasted 00:01:04 (696 turns).

AdnanSaban the Covered (Gargoyle Fighter)            Turns: 696, Time: 00:01:05

Health: 0/24       AC: 10    Str: 21    XL:     3   Next: 41%
Magic:  3/3        EV:  9    Int:  8    God:
Gold:   72         SH:  4    Dex:  9    Spells: 2/2 levels left

rFire   . . .        a - +0 flail
rCold   . . .        c - +0 buckler
rNeg    + . .        b - +0 scale mail
rPois   ∞            (no helmet)
rElec   +            (no cloak)
rCorr   .            (no gloves)
SInv    .            (no boots)
Will    .....        (no amulet) Stlth
                     (no ring)
HPRegen 0.24/turn    (no ring)
MPRegen 0.08/turn

%: no passive effects
@: no status effects
A: sickness immunity, AC +3, negative energy resistance 1, electricity
resistance, torment resistance 1, petrification resistance
a: no special abilities


You were on level 2 of the Dungeon.
You visited 1 branch of the dungeon, and saw 2 of its levels.

You collected 72 gold pieces.

Inventory:

Hand Weapons
 a - a +0 flail (weapon)
Armour
 b - a +0 scale mail (worn)
 c - a +0 buckler (worn)
Scrolls
 e - a scroll of teleportation {unknown}
 f - 2 scrolls of enchant armour {unknown}
 i - a scroll of brand weapon {unknown}
 j - 2 scrolls of identify {unknown}
 k - a scroll of fear {unknown}
Potions
 d - 3 potions of might
 g - a potion of degeneration {unknown}
 h - 2 potions of mutation {unknown}


   Skills:
 + Level 3.6 Fighting
 + Level 2.6 Maces & Flails
 + Level 3.7 Armour
 + Level 3.6 Shields


You had 2 spell levels left.
You didn't know any spells.
Your spell library was empty.

Dungeon Overview and Level Annotations

Branches:
Dungeon (2/15)

Altars:

Annotations:
D:2 Robin


Innate Abilities, Weirdness & Mutations

You are immune to sickness and miasma.
Your stone body is resilient. (AC +3)
You are immune to poison.
You resist negative energy. (rN+)
You are resistant to electric shocks. (rElec)
You are resistant to unholy torment.
You are immune to petrification.


Message History

The hobgoblin hits you. You block the goblin's attack.
The goblin closely misses you. The goblin hits you but does no damage.
The goblin closely misses you. The adder bites you but does no damage.
The goblin closely misses you. The hobgoblin barely misses you.
The goblin hits you but does no damage. x2
The hobgoblin hits you but does no damage.
You block the goblin's attack. The goblin barely misses you.
Robin roars a battlecry!
The goblins go into a battle-frenzy!
You sock the adder!
You kill the adder!
You block the hobgoblin's attack.
The goblin hits you but does no damage. x2
The goblin misses you. The hobgoblin closely misses you.
The goblin hits you with a +0 club. The goblin closely misses you.
You closely miss the hobgoblin. The goblin hits you but does no damage.
The hobgoblin hits you but does no damage.
The hobgoblin misses you. You block the goblin's attack.
The goblin hits you with a +0 dagger. The goblin barely misses you.
The goblin closely misses you. You block the goblin's attack.
Robin hits you but does no damage.
You closely miss the hobgoblin.
The hobgoblin hits you but does no damage.
The goblin misses you. The hobgoblin barely misses you.
The goblin completely misses you. The goblin hits you with a +0 dagger.
The goblin closely misses you. The goblin hits you with a +0 club.
You block the goblin's attack. Robin hits you but does no damage.
You closely miss the hobgoblin. The goblin hits you with a +0 dagger.
* * * LOW HITPOINT WARNING * * *
The hobgoblin hits you but does no damage. x2
The goblin closely misses you. The goblin barely misses you.
The goblin hits you but does no damage. Robin barely misses you.
The goblin closely misses you. You block the goblin's attack.
The goblin barely misses you. The goblin hits you but does no damage.
The goblin misses you. The goblin closely misses you.
The goblin completely misses you.
The hobgoblin hits you but does no damage.
The hobgoblin hits you.
* * * LOW HITPOINT WARNING * * *
The goblin hits you with a +0 dagger.
You die...

..# ####..#
#### #.....#
####.#####
#######....#
.##.......####
......>..##
.......g..#
.....gggg.#
.....gg@g.#
.(...gggg.#
....^..g..#
..........#
.........##
.##.)...##
#######


You could see Robin, 4 hobgoblins and 8 goblins.

Vanquished Creatures
  An adder (D:2)
  A ball python (D:2)
  2 bats (D:1)
  5 endoplasms (D:1)
  4 goblins (D:1)
  A hobgoblin (D:1)
  4 jackals (D:1)
  A frilled lizard (D:1)
  3 kobolds
  3 rats (D:1)
25 creatures vanquished.

Notes
Turn   | Place    | Note
-------+----------+-------------------------------------------
     0 | D:1      | AdnanSaban the Gargoyle Fighter began the quest for the
                  | Orb.
     0 | D:1      | Reached XP level 1. HP: 14/14 MP: 1/1
    68 | D:1      | Reached XP level 2. HP: 9/19 MP: 2/2
   345 | D:1      | Reached XP level 3. HP: 23/23 MP: 3/3
   686 | D:2      | Noticed Robin
   696 | D:2      | Slain by a goblin

Illustrated notes

Levels and vault maps discovered:
D:1:      reono_arrival_mine, layout_rooms, hex_intersection
D:2:      layout_rooms, minmay_heptomino_w4, uniq_robin

Action                     || total
---------------------------++-------
  Melee: Flail             ||    78
 Armour: Scale mail        ||    80
  Dodge: Dodged            ||    67
  Block: Buckler           ||    24

Table legend: (Time is in decaauts)
 A = Elapsed time spent in this place.
 B = Non-inter-level travel time spent in this place.
 C = Inter-level travel time spent in this place.
 D = Time resting spent in this place.
 E = Time spent auto-exploring this place.
 F = Levels seen in this place.
 G = Mean time per level.
                   A        B        C        D        E       F      G
               +--------+--------+--------+--------+--------+-----+--------+
         Total |    720 |    702 |     18 |      0 |    525 |   2 |  360.0 |
       Dungeon |    720 |    702 |     18 |      0 |    525 |   2 |  360.0 |
               +--------+--------+--------+--------+--------+-----+--------+

Top non-repeatable levels by time:
     D:1: 650 daAuts
     D:2: 70 daAuts
